 Dungeon Crawl Stone Soup version 0.19-a0-1740-g0bcaf2e (webtiles) character file.

858 kae the Sneak (level 7, -2/32 HPs)
             Began as a Spriggan Enchanter on Oct 1, 2016.
             Slain by ThereIsNoGod's ghost (14 damage)
             ... on level 6 of the Dungeon.
             The game lasted 00:05:39 (5222 turns).

kae the Sneak (Spriggan Enchanter)                  Turns: 5222, Time: 00:05:40

Health: -2/32      AC:  4    Str:  6    XL:     7   Next: 71%
Magic:  5/25       EV: 22    Int: 17    God:
Gold:   112        SH:  0    Dex: 16    Spells: 3 memorised, 11 levels left

rFire  . . .     SeeInvis +     a - +1 short sword (venom)
rCold  . . .     Gourm    .     j - +1 robe
rNeg   . . .     Faith    .     (shield restricted)
rPois  .         Spirit   .     (helmet restricted)
rElec  .         Dismiss  .     m - +0 cloak
rCorr  .         Reflect  .     (gloves unavailable)
MR     +....     Harm     .     (boots unavailable)
Stlth  ++++......               (no amulet)
                                v - ring of magical power
                                w - +4 ring of evasion

@: very quick
A: unfitting armour, see invisible, herbivore 3, speed 3, slow metabolism 2
a: no special abilities


You were on level 6 of the Dungeon.
You were near starving.

You visited 2 branches of the dungeon, and saw 7 of its levels.

You collected 292 gold pieces.
You spent 180 gold pieces at shops.

Inventory:

Hand Weapons
 a - a +1 short sword of venom (weapon)
 b - a +2 dagger of electrocution
 q - a +1 dagger
Armour
 j - a +1 robe (worn)
 m - a +0 cloak (worn)
Jewellery
 k - a +1 ring of protection {unknown}
 p - an uncursed ring of ice
 v - a ring of magical power (right hand)
 w - a +4 ring of evasion (left hand)
 D - a cursed ring of loudness {unknown}
Wands
 z - a wand of iceblast (13/15)
 B - a wand of iceblast (7/15)
 C - a wand of acid (7/15)
Scrolls
 f - 3 scrolls of magic mapping
 i - a scroll of teleportation
 n - 3 scrolls of identify {unknown}
 r - 4 scrolls of remove curse {unknown}
 s - 3 scrolls of random uselessness {unknown}
 u - a scroll of enchant weapon {unknown}
 y - a scroll of fear {unknown}
 E - a scroll of blinking {unknown}
Potions
 e - 2 potions of berserk rage {unknown}
 g - a potion of brilliance {unknown}
 l - a potion of haste {unknown}
 o - 2 potions of flight {unknown}
 t - a potion of lignification {unknown}
 x - 2 potions of heal wounds
 A - a potion of cancellation {unknown}
Books
 c - a book of Maledictions

   Spells                             Type                      Level
   a - Corona                         Hexes                        1
   b - Ensorcelled Hibernation        Hexes/Ice                    2
   c - Confuse                        Hexes                        3
   d - Tukima's Dance                 Hexes                        3
   e - Dazzling Spray                 Conjuration/Hexes            3
Comestibles
 d - 3 bread rations
 h - a slice of pizza


   Skills:
 * Level 6.2 Short Blades
 - Level 3.0 Dodging
 + Level 7.1 Stealth
 + Level 5.5 Spellcasting
 + Level 5.8 Hexes


You had 11 spell levels left.
You knew the following spells:

 Your Spells              Type           Power        Failure   Level  Hunger
a - Corona                Hex            ###....      1%          1    None
b - Ensorcelled Hibernat  Hex/Ice        ##....       10%         2    #......
c - Confuse               Hex            ###.....     4%          3    ##.....


Dungeon Overview and Level Annotations

Branches:
Dungeon (6/15)             Temple (1/1) D:5

Altars:
Ashenzari
Cheibriados
Fedhas
Gozag
Makhleb
Nemelex Xobeh
Okawaru
Qazlal
Sif Muna
Trog
Uskayaw
Vehumet
Xom
Yredelemnul
Zin
The Shining One

Shops:
D:4 !

Annotations:
D:6 ThereIsNoGod's ghost, novice MiGl


Innate Abilities, Weirdness & Mutations

You are very small and have problems with some larger weapons.
You are too small for most types of armour.
You have supernaturally acute eyesight. (SInv)
You are a herbivore.
You cover ground extremely quickly.
You need consume almost no food.


Message History

You barely miss ThereIsNoGod's ghost.
ThereIsNoGod's ghost is lightly damaged.
You hit ThereIsNoGod's ghost.
ThereIsNoGod's ghost is lightly damaged.
You strike the helpless ThereIsNoGod's ghost from behind!
You puncture ThereIsNoGod's ghost!
ThereIsNoGod's ghost is moderately damaged.
You hit ThereIsNoGod's ghost but do no damage.
ThereIsNoGod's ghost is moderately damaged.
You hit ThereIsNoGod's ghost.
ThereIsNoGod's ghost is moderately damaged.
ThereIsNoGod's ghost seems less confused.
ThereIsNoGod's ghost hits you!
You closely miss ThereIsNoGod's ghost.
ThereIsNoGod's ghost is moderately damaged.
ThereIsNoGod's ghost barely misses you.
You hit ThereIsNoGod's ghost.
ThereIsNoGod's ghost is heavily damaged.
ThereIsNoGod's ghost hits you!
You die...

######### #######.W.....#
.......@...##.#
#######.##.##.########
########.##...........#
#########........#####.######.#
.)...<....######.#####...##
#.### ########### #..........#
#.##. #.####.....###.##.
#..>...........##.
######............


You could see ThereIsNoGod's ghost.

Vanquished Creatures
  2 phantoms
  An ogre (D:6)
  4 wights (D:6)
  A howler monkey (D:6)
  An orc wizard (D:4)
  2 hounds
  A centaur skeleton (D:4)
  2 orc priests
  A jelly (D:5)
  3 worker ants
  A killer bee zombie (D:6)
  An adder (D:2)
  A shadow imp (D:6)
  2 worms
  A dart slug (D:3)
  5 leopard geckos
  15 orcs
  3 giant cockroaches (D:2)
  3 hobgoblins
  9 jackals
  12 kobolds
  4 quokkas
  A ball python (D:4)
  5 bats
  3 frilled lizards
  6 goblins
  A quokka zombie (D:6)
  3 rats
94 creatures vanquished.

Notes
Turn   | Place    | Note
-------+----------+-------------------------------------------
     0 | D:1      | kae the Spriggan Enchanter began the quest for the Orb.
     0 | D:1      | Reached XP level 1. HP: 9/9 MP: 5/5
   537 | D:1      | Reached XP level 2. HP: 9/13 MP: 5/7
  1110 | D:1      | Learned a level 2 spell: Ensorcelled Hibernation
  1278 | D:2      | Reached XP level 3. HP: 8/16 MP: 8/8
  2671 | D:3      | Reached XP level 4. HP: 21/21 MP: 10/10
  2683 | D:3      | Reached skill level 5 in Stealth
  2715 | D:3      | Found a faded altar of an unknown god.
  3066 | D:4      | Reached XP level 5. HP: 23/24 MP: 11/11
  3140 | D:4      | Found Zeok's Distillery.
  3162 | D:4      | Bought a potion of heal wounds for 60 gold pieces
  3162 | D:4      | Bought 2 potions of heal wounds for 120 gold pieces
  3538 | D:4      | Found a basalt altar of Yredelemnul.
  3573 | D:4      | Reached XP level 6. HP: 5/28 MP: 4/13
  3933 | D:5      | Entered Level 5 of the Dungeon
  3967 | D:5      | Reached skill level 6 in Stealth
  3967 | D:5      | Reached skill level 5 in Hexes
  4000 | D:5      | Found a staircase to the Ecumenical Temple.
  4014 | Temple   | Entered the Ecumenical Temple
  4293 | D:5      | Reached skill level 5 in Short Blades
  4342 | D:5      | Found a blossoming altar of Fedhas.
  4596 | D:6      | Noticed ThereIsNoGod's ghost (novice MiGl)
  4605 | D:6      | Learned a level 3 spell: Confuse
  4632 | D:6      | Reached XP level 7. HP: 32/32 MP: 15/15
  4708 | D:6      | Reached skill level 5 in Spellcasting
  4892 | D:6      | Found a hide-covered altar of Uskayaw.
  4894 | D:6      | Reached skill level 7 in Stealth
  5222 | D:6      | Slain by ThereIsNoGod's ghost

Vault maps used:
D:1:      sevenhm_arrival_forest_fort_small_4, hangedman_decor_push
D:2:      first_bread, kennysheep_generic_room_9
D:3:      ecumenical_altar_1, kennysheep_decorative_pillar
D:4:      kennysheep_mini, serial_shops, shop
D:5:      fedhas_altar_1
D:6:      marbit_many_paths
Temple:   nicolae_temple_figure_eight

Skill      XL: |  1  2  3  4  5  6  7 |
---------------+----------------------+-----
Spellcasting   | 3 4 5 |  5.5
Short Blades   | 2 3 4 5 6 |  6.2
Hexes          | 4 5 |  5.8
Stealth        | 5 6 7 |  7.1
Dodging        | |  3.0

Action                   |  1- 3 |  4- 6 |  7- 9 || total
-------------------------+-------+-------+-------++-------
Melee: Dagger            |   149 |    10 |       ||   159
       Short sword       |    23 |   134 |    71 ||   228
 Cast: Corona            |     4 |       |       ||     4
       Ensorcelled Hiber |     8 |    13 |       ||    21
       Confuse           |       |     2 |    16 ||    18
  Use: Potion            |       |     1 |       ||     1
       Scroll            |       |     4 |       ||     4
 Stab: Sleeping          |    16 |    11 |     3 ||    30
       Confused          |       |     1 |     4 ||     5
       Distracted        |       |       |     1 ||     1
  Eat: Fruit             |       |     1 |       ||     1
       Pizza             |       |     1 |       ||     1
Armor: Robe              |    25 |    12 |     2 ||    39
Dodge: Dodged            |   141 |   105 |    31 ||   277
